 Dungeon Crawl Stone Soup version 0.32-a0-685-g93135e8 (webtiles) character file.

Game seed: 1807778228954102943

1558 Toastz the Magician (level 8, 0/48 HPs)
             Began as a Deep Elf Air Elementalist on Mar 12, 2024.
             Was a Follower of Sif Muna.
             Slain by a gnoll bouda
             ... wielding a +0 club
              (10 damage)
             ... on level 6 of the Dungeon.
             The game lasted 00:17:34 (5567 turns).

Toastz the Magician (Deep Elf Air Elementalist)     Turns: 5567, Time: 00:17:35

Health: 0/48       AC:  4    Str:  5    XL:     8   Next: 58%
Magic:  3/21       EV: 14    Int: 29    God:    Sif Muna [*.....]
Gold:   155        SH:  0    Dex: 15    Spells: 7/22 levels left

rFire   + . .        v - staff of alchemy
rCold   . . .        (no shield)
rNeg    . . .        j - +0 robe
rPois   +            g - +0 helmet
rElec   .            (no cloak)
rCorr   .            (no gloves)
SInv    .            l - +0 pair of boots
Will    .....        (no amulet)
Stlth   ++           c - ring of protection from fire
HPRegen 0.28/turn    r - +6 ring of intelligence
MPRegen 0.17/turn

%: no passive effects
@: weakened
A: no striking features
a: Renounce Religion, Channel Magic


You were on level 6 of the Dungeon.
You worshipped Sif Muna.
Sif Muna was aware of your devotion.
You visited 1 branch of the dungeon, and saw 6 of its levels.

You collected 285 gold pieces.
You spent 130 gold pieces at shops.

Inventory:

Hand Weapons
 a - a +0 rapier
 b - a +1 dagger of draining
Missiles
 f - 10 poisoned darts
Armour
 g - a +0 helmet (worn)
 j - a +0 robe (worn)
 l - a +0 pair of boots (worn)
 B - a +0 pair of gloves
 F - a +2 pair of gloves
Magical Staves
 v - a staff of alchemy (weapon)
Jewellery
 c - a ring of protection from fire (left hand)
 r - a +6 ring of intelligence (right hand)
Wands
 q - a wand of roots (5)
 s - a wand of polymorph (9)
 A - a wand of digging (8)
Scrolls
 e - a scroll of noise
 h - 3 scrolls of teleportation
 n - 2 scrolls of fog
 o - a scroll of poison {unknown}
 u - a scroll of vulnerability {unknown}
 w - a scroll of butterflies
 y - a scroll of fear {unknown}
 D - a scroll of amnesia {unknown}
Potions
 d - a potion of cancellation {unknown}
 i - a potion of berserk rage {unknown}
 k - 6 potions of curing
 m - 2 potions of attraction {unknown}
 p - a potion of degeneration {unknown}
 t - 3 potions of magic
 x - a potion of lignification {unknown}
 z - a potion of ambrosia {unknown}
 C - a potion of mutation {unknown}
 E - a potion of heal wounds {unknown}


   Skills:
 + Level 4.3 Fighting
 - Level 5.0 Dodging
 - Level 2.4 Stealth
 + Level 7.8 Spellcasting
 + Level 3.4 Conjurations
 + Level 6.8 Air Magic
 + Level 1.4 Alchemy


You had 7 spell levels left.
You knew the following spells:

 Your Spells              Type           Power      Damage    Failure   Level
a - Shock                 Conj/Air       100%       1d9       1%          1
b - Static Discharge      Conj/Air       82%        3-7/arc   1%          2
c - Swiftness             Air            50%        N/A       1%          3
d - Mercury Vapours       Alch/Air       100%       N/A       1%          2
e - Airstrike             Air            25%        2d(4-20)  2%          4
f - Mephitic Cloud        Conj/Alch/Air  50%        N/A       2%          3

Your spell library contained the following spells:

 Spells                   Type           Power      Damage    Failure   Level
 Freezing Cloud           Conj/Ice/Air   15%        6-21      32%         5


Dungeon Overview and Level Annotations

Branches:
Dungeon (6/15)             Temple (0/1) D:5

Altars:
Dithmenos
Gozag
Sif Muna
Uskayaw

Shops:
D:3 *   D:5 (

Annotations:
D:3 Grinder
D:5 2 runed translucent doors, december12's ghost, novice BaAr


Message History

You are struck by an arc of lightning.
The gnoll is struck by an arc of lightning.
The gnoll resists.
The gnoll is severely wounded.
The lightning grounds out.
The gnoll barely misses you.
Casting: Static Discharge (safe; 1% risk of failure)
Confirm with . or Enter, or press ? or * to list all spells.
The gnoll is struck by an arc of lightning.
The gnoll resists.
The gnoll is severely wounded.
You are struck by an arc of lightning.
The lightning grounds out.
Casting: Static Discharge (safe; 1% risk of failure)
Confirm with . or Enter, or press ? or * to list all spells.
The gnoll is struck by an arc of lightning!
The gnoll resists.
The gnoll is almost dead.
You are struck by an arc of lightning.
The lightning grounds out.
The gnoll bouda is struck by an arc of lightning.
The gnoll bouda is heavily wounded.
You are struck by an arc of lightning.
The gnoll is struck by an arc of lightning.
The gnoll resists.
You kill the gnoll!
Sif Muna accepts your kill.
The lightning grounds out.
The gnoll bouda hits you with a +0 club.
* * * LOW HITPOINT WARNING * * *
Casting: Static Discharge (safe; 1% risk of failure)
Confirm with . or Enter, or press ? or * to list all spells.
The gnoll bouda is struck by an arc of lightning.
The gnoll bouda is severely wounded.
You are struck by an arc of lightning.
* * * LOW HITPOINT WARNING * * *
The gnoll bouda is struck by an arc of lightning.
The gnoll bouda is almost dead.
The lightning grounds out.
The gnoll bouda gazes fiercely through you!
You feel your attacks grow feeble.
The gnoll bouda hits you with a +0 club!
You die...

#######.###...#####
#.......# ##.##
#.####### #.# #.#
#.# #.# #.# ## #.#
#.# .# #.#
#######)# . #.#
........# . #.#
#######@######
#####.# #)g....#
......#
#.....)..#.#
###......#
#.##''##.# #
#.#.#..# ≈≈≈≈ ... #
#.#.#..# #≈>ß≈ ..#
# #.#.# .# #≈._≈#
.# #.... .# #≈≈≈≈#
.# ###.# # ######


You could see a gnoll bouda.

Vanquished Creatures
  Pikel (D:4)
  Edmund (D:4)
  An ice beast (D:6)
  2 phantoms
  2 lemures (D:4)
  A bullfrog (D:6)
  A howler monkey (D:6)
  4 orc priests
  3 jellies
  A hound (D:6)
  2 iguanas
  Ijyb (D:3)
  6 orc wizards
  7 gnolls
  6 adders
  A dart slug (D:1)
  A ribbon worm (D:2)
  20 orcs
  2 ball pythons
  An endoplasm (D:1)
  A giant cockroach (D:1)
  3 goblins
  6 hobgoblins
  4 jackals (D:1)
  4 quokkas
  7 bats
  A frilled lizard (D:3)
  8 kobolds
  5 rats
103 creatures vanquished.

Notes
Turn   | Place    | Note
-------+----------+-------------------------------------------
     0 | D:1      | Toastz the Deep Elf Air Elementalist began the quest for
                  | the Orb.
     0 | D:1      | Reached XP level 1. HP: 10/10 MP: 6/6
   211 | D:1      | Reached XP level 2. HP: 16/16 MP: 4/8
   407 | D:1      | Learned a level 2 spell: Static Discharge
  1097 | D:2      | Reached XP level 3. HP: 20/20 MP: 6/10
  1142 | D:2      | Reached skill level 1 in Fighting
  1666 | D:2      | Learned a level 3 spell: Swiftness
  1676 | D:2      | Learned a level 2 spell: Mercury Vapours
  1804 | D:2      | Reached XP level 4. HP: 24/25 MP: 6/11
  2104 | D:2      | Reached skill level 4 in Spellcasting
  2633 | D:3      | Noticed Grinder
  2642 | D:3      | Noticed Ijyb
  2752 | D:3      | Killed Ijyb
  2753 | D:3      | Reached XP level 5. HP: 30/30 MP: 4/13
  2956 | D:3      | Found Muneusev's General Store.
  2965 | D:3      | Bought a scroll of identify for 20 gold pieces
  2967 | D:3      | Bought a potion of magic for 80 gold pieces
  2967 | D:3      | Bought a potion of curing for 30 gold pieces
  3215 | D:4      | Noticed Edmund
  3285 | D:4      | Noticed a phantom
  3293 | D:3      | Learned a level 4 spell: Airstrike
  3317 | D:3      | Killed a phantom
  3414 | D:4      | Found a shadowy altar of Dithmenos.
  3432 | D:4      | Reached XP level 6. HP: 11/35 MP: 12/15
  3619 | D:4      | Killed Edmund
  3620 | D:4      | Reached skill level 5 in Spellcasting
  3777 | D:4      | Found a shimmering blue altar of Sif Muna.
  3791 | D:4      | Reached skill level 5 in Air Magic
  3824 | D:4      | Became a worshipper of Sif Muna the Loreminder
  3882 | D:4      | Noticed Pikel
  3893 | D:4      | Killed Pikel
  3894 | D:4      | Reached skill level 6 in Spellcasting
  3894 | D:4      | Reached XP level 7. HP: 33/41 MP: 5/18
  4050 | D:4      | Reached skill level 5 in Dodging
  4304 | D:5      | Entered Level 5 of the Dungeon
  4370 | D:5      | Reached XP level 8. HP: 47/47 MP: 15/20
  4510 | D:5      | Reached skill level 7 in Spellcasting
  4709 | D:5      | Found Mataguqa's Antique Weapon Shop.
  4885 | D:5      | Found a staircase to the Ecumenical Temple.
  4907 | D:5      | Found a runed translucent door.
  4915 | D:5      | Noticed december12's ghost (novice BaAr)
  4976 | D:5      | Found a runed translucent door.
  5163 | D:6      | Found a hide-covered altar of Uskayaw.
  5304 | D:6      | Reached * piety under Sif Muna
  5377 | D:6      | Learned a level 3 spell: Mephitic Cloud
  5439 | D:6      | Identified the amulet of Interdependent Arising {Will-
                  | Regen+ Str-4 Dex+9}
  5460 | D:6      | Reached skill level 1 in Alchemy
  5555 | D:6      | Found an opulent altar of Gozag.
  5558 | D:6      | Identified the +3 falchion of Astrimel {heavy, *Noise rElec
                  | rN+++ Int-4}
  5567 | D:6      | Slain by a gnoll bouda

Illustrated notes

Levels and vault maps discovered:
D:1:      lemuel_arrival_muddy, layout_loops_ring
D:2:      layout_basic, serial_glass, glass_columns_a, glass_columns_c,
          glass_columns_b, glass_columns_a, glass_columns_a, glass_columns_c,
          glass_columns_a, glass_columns_a, glass_columns_a, glass_columns_a,
          feat_on_display
D:3:      layout_loops_ring, serial_shops, shop_fountains, uniq_grinder,
          uniq_ijyb
D:4:      layout_basic, led_sif_book, grunt_dithmenos_smoke_and_mirrors,
          nicolae_overflow_squiral, uniq_pikel, uniq_edmund
D:5:      layout_rooms, minmay_temple_entry_glass, ebering_ghost_sewer_f,
          serial_shops, shop
D:6:      layout_loops_ring, general_overflow_altar, regret_index_xom_of_box,
          lemuel_doored_altar, enter_ossuary_4, minmay_bent,
          uniq_prince_ribbit1, uniq_eustachio

Skill      XL: |  1  2  3  4  5  6  7  8 |
---------------+-------------------------+-----
Fighting       | 1 2 3 4 |  4.3
Conjurations   | 2 3 |  3.4
Air Magic      | 4 5 6 |  6.8
Spellcasting   | 4 6 7 |  7.8
Dodging        | 3 4 5 |  5.0
Alchemy        | 1 |  1.4
Stealth        | |  2.4

Action                     |  1- 3 |  4- 6 |  7- 9 || total
---------------------------+-------+-------+-------++-------
  Melee: Rapier            |     4 |     7 |       ||    11
         Unarmed           |       |     1 |       ||     1
         Dagger            |       |    13 |       ||    13
         Staff             |       |       |    15 ||    15
   Cast: Shock             |    66 |    55 |    42 ||   163
         Static Discharge  |    11 |    13 |    26 ||    50
         Mercury Vapours   |       |    10 |     3 ||    13
         Airstrike         |       |     3 |    12 ||    15
 Invoke: Channel Magic     |       |       |     1 ||     1
    Use: Scroll            |       |     3 |     1 ||     4
 Armour: Robe              |    23 |    46 |    61 ||   130
         Skin              |       |     1 |       ||     1
  Dodge: Dodged            |    18 |    26 |    15 ||    59

Table legend: (Time is in decaauts)
 A = Elapsed time spent in this place.
 B = Non-inter-level travel time spent in this place.
 C = Inter-level travel time spent in this place.
 D = Time resting spent in this place.
 E = Time spent auto-exploring this place.
 F = Levels seen in this place.
 G = Mean time per level.
                   A        B        C        D        E       F      G
               +--------+--------+--------+--------+--------+-----+--------+
         Total |   5547 |   5274 |    273 |   1301 |   2864 |   6 |  924.5 |
       Dungeon |   5547 |   5274 |    273 |   1301 |   2864 |   6 |  924.5 |
               +--------+--------+--------+--------+--------+-----+--------+

Top non-repeatable levels by time:
     D:3: 1201 daAuts
     D:4: 1142 daAuts
     D:1: 1090 daAuts
     D:2: 1075 daAuts
     D:5: 598 daAuts
     D:6: 440 daAuts
